AoeStats
← [Marty]TheEY

Arena

508023831Analyzed
4v4 RM · 13d ago on Sep 20, 2026· 47m 3s· 8 players
Game mode
Random Map
Map size
Large (8 player)
Population
200
Speed
Normal
Resources
Standard
Victory
Conquest
Starting age
Dark Age
Ending age
Imperial Age
RankedLock teamsTeams togetherTeam positionsShared explorationLock speedFull tech treeHidden civsTurbo modeCheats
Victory
Defeat
🇭🇰 Portuguese · Hong Kong SAR China
1538
+12
1482
+14
🇫🇷 Gurjaras · France
1478
+15
🇩🇪 Britons · Germany
1462
+15
🇬🇧 Goths · United Kingdom
1534
-17
🇺🇸 Burgundians · United States
1438
-14
1428
-13
🇺🇸 Japanese · United States
1403
-12
(° ^ °)???
10:03 Feudal Age
10:56 Double-Bit Axe
13:39 Castle Age
11:51 Horse Collar
15:19 Bow Saw
19:35 Wheelbarrow
19:10 Town Watch
19:13 Loom
20:40 Hand Cart
20:37 Heavy Plow
24:27 Gold Mining
25:51 Gold Shaft Mining
25:49 Padded Archer Armor
28:32 Imperial Age
28:39 Imperial Age
26:51 Stone Mining
28:13 Leather Archer Armor
28:20 Ballistics
30:23 Chemistry
29:55 Ring Archer Armor
29:47 Conscription
29:55 Fletching
29:48 Elite Ghulam
31:13 Coinage
30:47 Shatagni
31:22 Grand Trunk Road
33:33 Bodkin Arrow
34:37 Siege Engineers
35:25 Masonry
36:38 Scale Barding Armor
36:44 Forging
37:27 Bloodlines
38:03 Husbandry
38:25 Chain Barding Armor
39:37 Plate Barding Armor
39:38 Iron Casting
41:21 Hoardings
41:49 Blast Furnace
40:45 Bodkin Arrow
40:12 Light Cavalry
45:18 Bracer
46:09 Caravan
45:42 Hussar
AncientKing
6:56 Loom
11:06 Feudal Age
12:17 Double-Bit Axe
14:51 Castle Age
13:30 Fletching
13:45 Town Watch
19:37 Bow Saw
25:15 Wheelbarrow
25:05 Horse Collar
26:08 Gold Mining
26:10 Stone Mining
31:11 Imperial Age
29:47 Hand Cart
29:36 Bodkin Arrow
29:08 Crossbowman
30:16 Ballistics
30:23 Padded Archer Armor
31:44 Gold Shaft Mining
31:25 Leather Archer Armor
31:48 Heavy Plow
31:14 Arbalester
32:23 Conscription
32:13 Bracer
33:56 Two-Man Saw
33:50 Squires
34:44 Ring Archer Armor
34:36 Pikeman
35:20 Scale Mail Armor
35:48 Yeomen
36:19 Chain Mail Armor
36:15 Forging
35:33 Halberdier
37:42 Plate Mail Armor
39:51 Iron Casting
43:17 Blast Furnace
42:33 Elite Longbowman
44:58 Elite Skirmisher
45:52 Caravan
47:20 Warwolf
Titi
9:55 Feudal Age
11:45 Double-Bit Axe
14:28 Castle Age
12:39 Horse Collar
15:21 Bow Saw
15:47 Wheelbarrow
15:14 Heavy Plow
20:12 Town Watch
21:15 Loom
24:45 Hand Cart
25:20 Gold Mining
27:00 Gold Shaft Mining
27:38 Fortified Wall
30:11 Imperial Age
28:17 Kshatriyas
28:17 Treadmill Crane
28:50 Bloodlines
28:41 Husbandry
29:22 Forging
29:17 Scale Barding Armor
29:09 Light Cavalry
30:45 Iron Casting
30:25 Heavy Camel Rider
31:27 Chain Barding Armor
31:34 Frontier Guards
31:35 Conscription
31:48 Scale Mail Armor
34:56 Plate Barding Armor
37:26 Elite Shrivamsha Rider
40:40 Masonry
43:49 Hussar
46:44 Caravan
[Marty]TheEY
9:50 Feudal Age
13:40 Castle Age
11:39 Horse Collar
12:09 Double-Bit Axe
15:01 Bow Saw
19:10 Wheelbarrow
26:08 Imperial Age
23:32 Gold Mining
24:38 Fletching
25:09 Ballistics
24:40 Loom
25:10 Bodkin Arrow
25:16 Padded Archer Armor
25:29 Crossbowman
26:15 Thumb Ring
26:24 Arbalester
27:12 Bracer
28:13 Chemistry
29:05 Leather Archer Armor
29:34 Arbalester
31:55 Conscription
33:29 Pikeman
34:10 Scale Mail Armor
34:21 Forging
34:01 Halberdier
35:11 Chain Mail Armor
36:01 Iron Casting
37:50 Plate Mail Armor
42:42 Heavy Plow
43:00 Hand Cart
42:30 Town Watch
42:51 Arquebus
43:04 Siege Engineers
Monty
10:17 Feudal Age
14:09 Castle Age
12:08 Double-Bit Axe
16:56 Bow Saw
18:36 Loom
23:23 Wheelbarrow
22:36 Town Watch
22:39 Horse Collar
25:11 Gold Mining
29:17 Imperial Age
28:08 Scale Mail Armor
28:19 Forging
29:13 Chain Mail Armor
29:43 Hand Cart
30:37 Iron Casting
29:48 Capped Ram
31:31 Elite Samurai
32:32 Conscription
33:48 Kataparuto
34:44 Two-Man Saw
35:52 Fletching
36:02 Padded Archer Armor
37:41 Chemistry
36:56 Thumb Ring
37:22 Stone Mining
38:07 Gold Shaft Mining
37:48 Bodkin Arrow
38:09 Leather Archer Armor
37:23 Elite Skirmisher
38:59 Murder Holes
39:40 Parthian Tactics
39:48 Bracer
39:37 Arrowslits
41:23 Guard Tower
45:19 Ballistics
45:35 Keep
46:41 Plate Mail Armor
47:11 Blast Furnace
Gavagai
5:09 Double-Bit Axe
11:07 Feudal Age
10:22 Horse Collar
15:00 Castle Age
13:49 Bow Saw
15:03 Heavy Plow
18:19 Loom
20:39 Two-Man Saw
21:55 Gold Mining
22:08 Heavy Plow
23:45 Wheelbarrow
23:03 Gold Mining
25:07 Hand Cart
25:49 Scale Barding Armor
25:54 Forging
28:28 Imperial Age
26:59 Crop Rotation
27:19 Chain Barding Armor
27:53 Gold Shaft Mining
27:11 Stone Mining
28:04 Iron Casting
27:57 Husbandry
28:29 Elite Coustillier
29:59 Plate Barding Armor
30:13 Conscription
30:17 Town Watch
31:47 Blast Furnace
34:27 Stone Shaft Mining
37:20 Burgundian Vineyards
38:17 Chemistry
38:26 Fletching
38:57 Ballistics
40:19 Masonry
39:50 Treadmill Crane
[CANTINAMX] | Vintar Khan
7:41 Loom
9:44 Feudal Age
14:21 Castle Age
12:46 Double-Bit Axe
13:15 Horse Collar
23:10 Gold Mining
24:54 Wheelbarrow
25:11 Devotion
26:59 Heavy Plow
27:12 Bow Saw
27:19 Town Watch
31:03 Imperial Age
29:00 Padded Archer Armor
29:18 Fortified Wall
29:35 Bloodlines
29:47 Stone Mining
30:17 Hand Cart
30:26 Fletching
30:54 Leather Archer Armor
30:29 Fletching
31:51 Masonry
31:56 Pirotechnia
32:57 Chemistry
32:10 Masonry
33:04 Hoardings
32:51 Conscription
34:36 Crop Rotation
35:24 Elite Skirmisher
37:59 Ring Archer Armor
37:24 Bodkin Arrow
37:54 Ballistics
38:05 Architecture
39:51 Bracer
39:57 Scale Barding Armor
40:02 Forging
41:35 Stone Shaft Mining
43:44 Chain Barding Armor
44:00 Iron Casting
43:59 Light Cavalry
44:49 Bloodlines
44:40 Husbandry
AJC
0:50 Loom
10:23 Feudal Age
14:10 Castle Age
12:11 Double-Bit Axe
12:23 Horse Collar
15:33 Bow Saw
15:24 Heavy Plow
22:16 Wheelbarrow
24:39 Loom
25:10 Hand Cart
25:31 Gold Mining
29:19 Imperial Age
27:14 Scale Mail Armor
27:42 Squires
28:02 Anarchy
28:19 Chain Mail Armor
27:51 Man-at-Arms
27:52 Pikeman
28:46 Forging
28:36 Long Swordsman
30:41 Iron Casting
30:36 Perfusion
31:05 Elite Huskarl
33:39 Blast Furnace
32:30 Fletching
32:53 Masonry
33:53 Two-Man Saw
33:24 Crop Rotation
33:24 Bodkin Arrow
33:30 Padded Archer Armor
34:32 Chemistry
34:50 Architecture
33:58 Halberdier
34:18 Elite Skirmisher
35:30 Bracer
36:37 Leather Archer Armor
36:44 Ballistics
37:59 Ring Archer Armor
43:13 Capped Ram
Connection lost

Rejoining the realm…

Still unreachable

The connection could not be restored.

Session expired

The server has moved on; the page needs a fresh start.